 Dungeon Crawl Stone Soup version 0.21.1-1-g345015fe64 (webtiles) character file.

521 Hat the Cleaver (level 7, 0/61 HPs)
             Began as a Deep Dwarf Berserker on Feb 25, 2018.
             Was a Believer of Trog.
             Slain by an orc priest
             ... wielding a +0 hand axe
              (1 damage)
             ... on level 5 of the Dungeon.
             The game lasted 00:15:32 (2402 turns).

Hat the Cleaver (Deep Dwarf Berserker)              Turns: 2402, Time: 00:15:33

Health: 0/61       AC:  5    Str: 23    XL:     7   Next: 1%
Magic:  16/16      EV: 11    Int:  7    God:    Trog [**....]
Gold:   163        SH:  0    Dex: 12    Spells: 6/6 levels left

rFire    . . .     SeeInvis .   a - +0 hand axe
rCold    . . .     Gourm    .   (no shield)
rNeg     . . .     Faith    .   i - +0 ring mail {MR+}
rPois    .         Spirit   .   (no helmet)
rElec    .         Reflect  .   (no cloak)
rCorr    .         Harm     .   (no gloves)
MR       ++...     Rnd*Tele +   (no boots)
Stlth    +.........             (no amulet)
HPRegen  0.00/turn              o - ring of teleportation (curse)
MPRegen  0.15/turn              s - ring of magical power

@: non-regenerating
A: damage resistance, heal wounds, sense surroundings 1, no regeneration
a: Heal Wounds, Berserk, Trog's Hand, Burn Spellbooks, Renounce Religion


You were on level 5 of the Dungeon.
You worshipped Trog.
Trog was pleased with you.
You were not hungry.

You visited 1 branch of the dungeon, and saw 5 of its levels.

You collected 163 gold pieces.

Inventory:

Hand Weapons
 a - a +0 hand axe (weapon)
Armour
 i - a +0 ring mail of magic resistance (worn)
Jewellery
 o - a cursed ring of teleportation (left hand)
 s - a ring of magical power (right hand)
Wands
 f - a wand of digging (12)
 q - a wand of paralysis (12)
Scrolls
 d - 3 scrolls of enchant weapon {unknown}
 e - 3 scrolls of teleportation {unknown}
 g - 2 scrolls of immolation {unknown}
 h - 9 scrolls of identify {unknown}
 j - a scroll of random uselessness {unknown}
 k - a scroll of noise {unknown}
 m - a scroll of remove curse {unknown}
 p - a scroll of fog {unknown}
 t - a scroll of enchant armour {unknown}
 u - a scroll of blinking {unknown}
Potions
 b - 3 potions of curing {unknown}
 l - 3 potions of mutation {unknown}
 n - a potion of magic {unknown}
 r - a potion of degeneration {unknown}
Comestibles
 c - 4 rations


   Skills:
 - Level 2.6 Fighting
 * Level 8.8 Axes
 - Level 2.1 Armour
 - Level 2.1 Dodging


You had 6 spell levels left.
You didn't know any spells.

Dungeon Overview and Level Annotations

Branches:
Dungeon (5/15)
 Temple: D:4-7

Altars:


Innate Abilities, Weirdness & Mutations

You are resistant to damage.
You can heal yourself by infusing magical energy.
You passively map a small area around you.
You do not regenerate.


Message History

You hit the orc priest. The orc priest closely misses you.
The orc priest hits you with a hand axe.
* * * LOW HITPOINT WARNING * * *
You barely miss the orc priest.
The orc priest is severely wounded.
You closely miss the orc priest. The orc priest hits you with a flail.
* * * LOW HITPOINT WARNING * * *
The orc priest mumbles some strange prayers to Beogh against you.
You resist with almost no effort.
The orc priest hits you with a hand axe.
* * * LOW HITPOINT WARNING * * *
The orc priest calls upon Beogh to heal the orc priest.
The orc priest is healed somewhat.
You hit the orc priest.
The orc priest is moderately wounded.
The orc priest barely misses you.
You barely miss the orc priest.
The orc priest is moderately wounded.
The orc priest hits you with a hand axe.
You die...

................<......
.......................
.........>.............
,
#......................
.................#... ,
* .................# ,,
, ##..............## *
, , ,,
#.......#.....####
..............oo@.### ,
....##..#########...#*
, .... ..## ###...... ,
, , *#####. , , ** *, ,
, , ,** * , * * , >


You could see 2 orc priests.

Vanquished Creatures
  The ghost of error the Sneak, an amateur OpFE (D:3)
  A black bear (D:3)
  A phantom (D:4)
  2 centaur skeletons (D:5)
  Ijyb (D:3)
  5 adders
  A river rat (D:3)
  A shadow imp (D:5)
  2 oozes
  2 worms
  3 dart slugs
  3 leopard geckos
  3 orcs
  10 bats
  A giant cockroach (D:5)
  7 goblins
  10 hobgoblins
  7 jackals
  A kobold (D:3)
  A quokka (D:2)
  A ball python (D:3)
  4 frilled lizards
  6 rats
74 creatures vanquished.

Notes
Turn   | Place    | Note
-------+----------+-------------------------------------------
     0 | D:1      | Hat the Deep Dwarf Berserker began the quest for the Orb.
     0 | D:1      | Reached XP level 1. HP: 20/20 MP: 1/1
    53 | D:1      | Reached skill level 4 in Axes
    53 | D:1      | Reached XP level 2. HP: 22/27 MP: 2/2
   268 | D:1      | Reached XP level 3. HP: 13/33 MP: 3/3
   487 | D:1      | Reached ** piety under Trog
   887 | D:2      | Reached skill level 5 in Axes
  1305 | D:2      | Reached XP level 4. HP: 28/40 MP: 4/4
  1700 | D:3      | Noticed a black bear
  1719 | D:3      | Noticed error's ghost (amateur OpFE)
  1719 | D:3      | Killed a black bear
  1719 | D:3      | Reached skill level 6 in Axes
  1719 | D:3      | Reached XP level 5. HP: 9/46 MP: 5/5
  1770 | D:3      | Killed error's ghost
  1770 | D:3      | Reached skill level 7 in Axes
  1770 | D:3      | Reached XP level 6. HP: 15/55 MP: 6/6
  1881 | D:3      | Noticed Ijyb
  1907 | D:3      | Killed Ijyb
  1940 | D:3      | Reached skill level 8 in Axes
  2327 | D:5      | Entered Level 5 of the Dungeon
  2343 | D:5      | Reached XP level 7. HP: 29/61 MP: 7/7
  2400 | D:5      | HP: 1/61 [orc priest/hand axe (5)]
  2402 | D:5      | Slain by an orc priest

Skill      XL: |  1  2  3  4  5  6 |
---------------+-------------------+-----
Axes           | 4 5 6 7 8 |  8.8
Fighting       | |  2.6
Armour         | |  2.1
Dodging        | |  2.1

Action                   |  1- 3 |  4- 6 |  7- 9 || total
-------------------------+-------+-------+-------++-------
Melee: Hand axe          |   130 |   170 |    16 ||   316
Invok: Trog's Hand       |     2 |     9 |     1 ||    12
  Eat: Chunk             |     2 |     5 |       ||     7
       Ration            |       |     1 |       ||     1
Armor: Leather armour    |    16 |       |       ||    16
       Ring mail         |    17 |    52 |     1 ||    70
Dodge: Dodged            |    79 |    91 |    10 ||   180
